 Dungeon Crawl Stone Soup version 0.19.5 (webtiles) character file.

74 Peloso the Covered (level 4, -2/40 HPs)
             Began as a Minotaur Fighter on Apr 15, 2017.
             Was an Initiate of Okawaru.
             Slain by Crazy Yiuf
             ... wielding a +4 quarterstaff of chaos
              (11 damage)
             ... on level 2 of the Dungeon.
             The game lasted 00:03:16 (1059 turns).

Peloso the Covered (Minotaur Fighter)               Turns: 1059, Time: 00:03:20

Health: -2/40      AC:  7    Str: 20    XL:     4   Next: 10%
Magic:  3/3        EV:  7    Int:  5    God:    Okawaru [......]
Gold:   116        SH:  9    Dex: 11    Spells: 0 memorised, 3 levels left

rFire  . . .     SeeInvis .     a - +0 long sword
rCold  . . .     Gourm    .     b - +0 scale mail
rNeg   . . .     Faith    .     c - +0 shield
rPois  .         Spirit   .     (helmet restricted)
rElec  .         Reflect  .     (no cloak)
rCorr  .         Harm     .     (no gloves)
MR     .....                    (no boots)
Stlth  ..........               (no amulet)
                                (no ring)
                                (no ring)

@: drained
A: retaliatory headbutt, horns 2
a: Renounce Religion


You were on level 2 of the Dungeon.
You worshipped Okawaru.
Okawaru was noncommittal.
You were hungry.

You visited 1 branch of the dungeon, and saw 2 of its levels.

You collected 116 gold pieces.

Inventory:

Hand Weapons
 a - a +0 long sword (weapon)
Armour
 b - a +0 scale mail (worn)
 c - a +0 shield (worn)
Scrolls
 e - 2 scrolls of recharging {unknown}
 h - a scroll of fear {unknown}
 i - 6 scrolls of identify {unknown}
 j - 2 scrolls of enchant armour {unknown}
 k - a scroll of blinking {unknown}
 l - a scroll of remove curse {unknown}
 n - 2 scrolls of magic mapping {unknown}
 o - a scroll of teleportation {unknown}
Potions
 d - 3 potions of might
 g - a potion of mutation {unknown}
 m - a potion of ambrosia {unknown}
 q - 3 potions of agility {unknown}
Comestibles
 f - 3 bread rations
 p - a fruit
 r - 2 meat rations
 s - a beef jerky


   Skills:
 + Level 4.1(3.8) Fighting
 + Level 3.4(3.1) Long Blades
 + Level 4.4(4.1) Armour
 + Level 0.9(0.6) Dodging
 + Level 4.2(3.9) Shields


You had 3 spell levels left.
You didn't know any spells.

Dungeon Overview and Level Annotations

Branches:
Dungeon (2/15)

Altars:
Okawaru
Qazlal
Xom

Annotations:
D:2 Crazy Yiuf


Innate Abilities, Weirdness & Mutations

You reflexively headbutt those who attack you in melee.
You have a pair of horns on your head.


Message History

You see here a rat skeleton.
You open the door.
Crazy Yiuf the Enlightened comes into view.
He is wielding a quarterstaff of chaos.
Crazy Yiuf shouts!
Found a mace.
There is an open door here.
You closely miss Crazy Yiuf. Your headbutt misses Crazy Yiuf.
You block Crazy Yiuf's attack.
You hit Crazy Yiuf. You headbutt Crazy Yiuf!
Crazy Yiuf is moderately wounded.
Crazy Yiuf hits you with a quarterstaff of chaos!
You are electrocuted!
You hit Crazy Yiuf.
Crazy Yiuf is severely wounded.
Crazy Yiuf hits you with a quarterstaff of chaos!
* * * LOW HITPOINT WARNING * * *
You feel drained.
* * * LOW HITPOINT WARNING * * *
Crazy Yiuf hits you with a quarterstaff of chaos!
You die...

(..#####.#.#
#....#
###....# #.#
.### #.#.#
♣PP..♣
#...##.# #.#
..# #.#.#
♣♣...♣
#.#..)## #.#
..## #.#.#
♣♣.♣♣
#.###.####.#
...# #...#
♣♣.♣ #.#
#....#.#
...# ##..#
♣.♣♣ #.#
####....
...# ####
♣♣.♣ ###
##... ...#
♣.♣♣ #...
...# #@#
#... ..##
#.g.# #...
### #...#
#### #)..#
#####


You could see Crazy Yiuf.

Vanquished Creatures
  3 adders (D:2)
  2 worms (D:2)
  2 dart slugs
  A leopard gecko (D:1)
  A ball python (D:1)
  3 bats
  A giant cockroach (D:1)
  2 hobgoblins (D:1)
  3 jackals (D:2)
  5 kobolds
  A quokka (D:2)
  3 frilled lizards
  6 goblins (D:1)
  6 rats
39 creatures vanquished.

Notes
Turn   | Place    | Note
-------+----------+-------------------------------------------
     0 | D:1      | Peloso the Minotaur Fighter began the quest for the Orb.
     0 | D:1      | Reached XP level 1. HP: 19/19 MP: 0/0
   198 | D:1      | Reached XP level 2. HP: 27/27 MP: 1/1
   616 | D:2      | Reached XP level 3. HP: 31/33 MP: 2/2
   754 | D:2      | Found a stormy altar of Qazlal.
   757 | D:2      | Found an iron altar of Okawaru.
   759 | D:2      | Found a shimmering altar of Xom.
   771 | D:2      | Became a worshipper of Warmaster Okawaru
   915 | D:2      | Reached XP level 4. HP: 35/40 MP: 3/3
   985 | D:2      | Found a runed door.
  1055 | D:2      | Noticed Crazy Yiuf
  1059 | D:2      | Slain by Crazy Yiuf

Skill      XL: |  1  2  3 |
---------------+----------+-----
Armour         | 4 |  4.4
Long Blades    | 3 |  3.4
Fighting       | 4 |  4.1
Shields        | 4 |  4.2
Dodging        | |  0.9

Action                   |  1- 3 |  4- 6 || total
-------------------------+-------+-------++-------
Melee: Long sword        |    74 |     3 ||    77
       Headbutt          |    10 |     1 ||    11
Armor: Scale mail        |    42 |       ||    42
Dodge: Dodged            |    31 |       ||    31
Block: Shield            |    43 |     1 ||    44
       Rpst.: Long sword |     4 |       ||     4
